 Dungeon Crawl Stone Soup version 0.31-a0-329-g52107efa6a (webtiles) character file.

Game seed: 2811500544062410065

3046 AdnanSaban the Basher (level 9, -3/56 HPs)
             Began as a Gargoyle Fighter on July 19, 2023.
             Was a Priest of Okawaru.
             Slain by a kobold brigand
             ... wielding a +0 war axe
              (7 damage)
             ... in a bailey.
             The game lasted 00:11:04 (5985 turns).

AdnanSaban the Basher (Gargoyle Fighter)            Turns: 5985, Time: 00:11:05

Health: -3/56      AC: 23    Str: 25    XL:     9   Next: 87%
Magic:  8/9        EV:  8    Int:  8    God:    Okawaru [***...]
Gold:   413        SH:  9    Dex:  9    Spells: 8/8 levels left

rFire   . . .        D - +3 mace
rCold   . . .        w - +0 kite shield
rNeg    + . .        n - +0 chain mail
rPois   ∞            (no helmet)
rElec   +            i - +0 cloak
rCorr   +            z - +0 pair of gloves
SInv    .            (no boots)
Will    .....        (no amulet) Stlth
                     g - ring of resist corrosion
HPRegen 0.29/turn    a - +4 ring of protection
MPRegen 0.11/turn

%: no passive effects
@: no status effects
A: sickness immunity, AC +6, negative energy resistance 1, electricity
resistance, torment resistance 1, petrification resistance
a: Renounce Religion, Heroism


You were in a bailey.
You worshipped Okawaru.
Okawaru was most pleased with you.
You visited 2 branches of the dungeon, and saw 8 of its levels.
You also visited: Bailey.

You collected 413 gold pieces.

Inventory:

Hand Weapons
 t - a +1 flail of holy wrath
 D - a +3 mace (weapon)
Armour
 i - a +0 cloak (worn)
 n - a +0 chain mail (worn)
 w - a +0 kite shield (worn)
 z - a +0 pair of gloves (worn)
Jewellery
 a - a +4 ring of protection (right hand)
 b - a ring of magical power
 g - a ring of resist corrosion (left hand)
 j - a ring of positive energy
 o - a ring of wizardry
 C - a ring of ice
Scrolls
 e - a scroll of fog {unknown}
 f - 6 scrolls of teleportation {unknown}
 k - 4 scrolls of identify {unknown}
 l - a scroll of immolation {unknown}
 q - a scroll of revelation {unknown}
 u - 2 scrolls of fear {unknown}
 v - a scroll of vulnerability {unknown}
 y - a scroll of brand weapon {unknown}
Potions
 c - a potion of mutation {unknown}
 d - 2 potions of might
 h - 2 potions of attraction {unknown}
 m - a potion of enlightenment {unknown}
 p - a potion of haste {unknown}
 r - 2 potions of degeneration {unknown}
 s - a potion of brilliance {unknown}
 x - a potion of curing {unknown}
 A - a potion of lignification {unknown}
 B - a potion of cancellation {unknown}


   Skills:
 + Level 6.8 Fighting
 + Level 9.1 Maces & Flails
 + Level 7.1 Armour
 + Level 2.6 Dodging
 + Level 6.5 Shields


You had 8 spell levels left.
You didn't know any spells.
Your spell library contained the following spells:

 Spells                   Type           Power      Damage    Failure   Level
 Apportation              Tloc           0%         N/A       98%         1
 Kiss of Death            Conj/Necr      0%         2d5       98%         1
 Necrotise                Necr           0%         1d4       98%         1
 Poisonous Vapours        Pois/Air       0%         N/A       99%         2
 Wereblood                Tmut           0%         N/A       99%         2
 Confusing Touch          Hex            0%         N/A       100%        3
 Hailstorm                Conj/Ice       0%         3d3       100%        3
 Mephitic Cloud           Conj/Pois/Air  0%         N/A       100%        3
 Dispel Undead            Necr           0%         3d6       100%        4
 Freezing Cloud           Conj/Ice/Air   0%         6-21      100%        5
 Irradiate                Conj/Tmut      0%         3d11      100%        5
 Summon Small Mammal      Summ           Unusable   N/A       N/A         1
 Summon Ice Beast         Ice/Summ       Unusable   N/A       N/A         4
 Simulacrum               Ice/Necr       Unusable   N/A       N/A         6

Dungeon Overview and Level Annotations

Branches:
Dungeon (7/15)             Temple (1/1) D:5          Bailey (1/1)

Altars:
Ashenzari
Cheibriados
Dithmenos
Elyvilon
Fedhas
Hepliaklqana
Kikubaaqudgha
Makhleb
Nemelex Xobeh
Okawaru
Qazlal
Sif Muna
Trog
Uskayaw
Vehumet
Wu Jian
Yredelemnul
Zin
The Shining One

Annotations:
D:5 1 runed translucent door, Crazy Yiuf


Innate Abilities, Weirdness & Mutations

You are immune to sickness and miasma.
Your stone body is resilient. (AC +6)
You are immune to poison.
You resist negative energy. (rN+)
You are resistant to electric shocks. (rElec)
You are resistant to unholy torment.
You are immune to petrification.


Message History

The orc warrior is lightly wounded.
The orc warrior hits you but does no damage.
You block the kobold brigand's attack.
You hit the orc warrior but do no damage.
The orc warrior is lightly wounded.
The orc warrior hits you but does no damage.
The kobold brigand hits you with a +0 war axe.
* * * LOW HITPOINT WARNING * * *
The kobold brigand hits you with a +0 war axe!
* * * LOW HITPOINT WARNING * * *
You sock the orc warrior!
The orc warrior is heavily wounded.
You block the orc warrior's attack. The kobold brigand barely misses you.
The kobold brigand hits you but does no damage.
You sock the orc warrior!
The orc warrior is almost dead.
The orc warrior barely misses you. The kobold brigand barely misses you.
You block the kobold brigand's attack.
You sock the orc warrior!
You kill the orc warrior!
Okawaru accepts your kill.
Okay, then.
You miss the kobold brigand. The kobold brigand closely misses you.
The kobold brigand barely misses you.
You hit the kobold brigand.
The kobold brigand is lightly wounded.
You feel like a meek peon again. The kobold brigand barely misses you.
You block the kobold brigand's attack. x2
You sock the kobold brigand!
The kobold brigand is severely wounded.
You block the kobold brigand's attack. The kobold brigand closely misses you.
The kobold brigand hits you but does no damage.
You hit the kobold brigand.
The kobold brigand is severely wounded.
The kobold brigand barely misses you.
The kobold brigand hits you but does no damage. x2
You barely miss the kobold brigand.
The kobold brigand is severely wounded.
The kobold brigand hits you with a +0 war axe!
You die...

..~~....(..~~...
###~~.......~~###
...~~.......~~...
###~~.......~~###
...~~..)....~~...
##~~.).....~~###
##~...(K..~##
####.KK#### #(K@#
#(.(# #...#
##'('## ##..∩..##
#.......#
#...∩...#
##.....## #######


You could see 4 kobold brigands.

Vanquished Creatures
  2 kobold demonologists (D:6)
  Sigmund (D:5)
  Edmund (D:4)
  A water moccasin (D:7)
  5 orc warriors
  An ice beast (D:6)
  An ogre (D:4)
  5 kobold brigands
  2 bullfrogs
  2 scorpions
  5 wights (D:7)
  A jelly (D:6)
  2 orc priests
  A hound (D:6)
  Jessica (D:2)
  A sleepcap (D:4)
  Natasha (twice) (D:2)
  4 iguanas
  3 orc wizards
  13 adders
  A white imp (D:6)
  A worm (D:3)
  3 dart slugs
  16 orcs
  5 ball pythons
  11 endoplasms
  8 hobgoblins
  8 jackals
  18 kobolds
  6 quokkas
  5 bats
  4 frilled lizards
  4 goblins
  10 rats
154 creatures vanquished.

Vanquished Creatures (others)
  An orc wizard (D:6)
1 creature vanquished.

Grand Total: 155 creatures vanquished

Notes
Turn   | Place    | Note
-------+----------+-------------------------------------------
     0 | D:1      | AdnanSaban the Gargoyle Fighter began the quest for the
                  | Orb.
     0 | D:1      | Reached XP level 1. HP: 14/14 MP: 1/1
    89 | D:1      | Reached XP level 2. HP: 16/19 MP: 2/2
   543 | D:2      | Found a faded altar of an unknown god.
   592 | D:2      | Noticed Natasha
   603 | D:2      | Killed Natasha
   604 | D:2      | Reached XP level 3. HP: 24/24 MP: 3/3
   655 | D:2      | Reached XP level 4. HP: 25/29 MP: 4/4
   704 | D:2      | Noticed Jessica
   709 | D:2      | Killed Jessica
   710 | D:2      | Reached skill level 3 in Maces & Flails
  1085 | D:2      | Noticed Natasha
  1099 | D:2      | Killed Natasha
  1100 | D:2      | Reached XP level 5. HP: 15/33 MP: 5/5
  1218 | D:2      | You fall into a shaft and drop 2 floors!
  2256 | D:4      | Reached skill level 4 in Maces & Flails
  2357 | D:4      | Noticed an ogre
  2493 | D:4      | Killed an ogre
  2494 | D:4      | Reached XP level 6. HP: 34/39 MP: 6/6
  2583 | D:4      | Noticed Edmund
  2603 | D:4      | Killed Edmund
  2604 | D:4      | Reached skill level 5 in Maces & Flails
  2604 | D:4      | Reached skill level 1 in Dodging
  2610 | D:4      | Reached XP level 7. HP: 23/44 MP: 7/7
  2727 | D:4      | Found an iron altar of Okawaru.
  2748 | D:4      | Became a worshipper of Warmaster Okawaru
  3120 | D:5      | Entered Level 5 of the Dungeon
  3134 | D:5      | Noticed Sigmund
  3147 | D:5      | Killed Sigmund
  3222 | D:5      | Reached skill level 5 in Fighting
  3320 | D:5      | Reached skill level 5 in Armour
  3507 | D:5      | Reached skill level 6 in Maces & Flails
  3836 | D:5      | Reached XP level 8. HP: 41/49 MP: 8/8
  4027 | D:5      | Found a staircase to the Ecumenical Temple.
  4294 | D:5      | Found a runed translucent door.
  4295 | D:5      | Noticed Crazy Yiuf
  4346 | Temple   | Entered the Ecumenical Temple
  4582 | D:6      | Reached skill level 5 in Shields
  4599 | D:6      | Noticed a kobold demonologist
  4599 | D:6      | Noticed a kobold demonologist
  4604 | D:6      | Noticed a hellwing
  4625 | D:6      | Killed a kobold demonologist
  4625 | D:6      | Reached * piety under Okawaru
  4626 | D:6      | Reached skill level 7 in Maces & Flails
  4636 | D:6      | Noticed a sixfirhy
  4756 | D:6      | Killed a kobold demonologist
  4756 | D:6      | Reached ** piety under Okawaru
  4757 | D:6      | Reached XP level 9. HP: 53/55 MP: 9/9
  4971 | D:6      | Reached skill level 8 in Maces & Flails
  5198 | D:6      | Found a radiant altar of Vehumet.
  5236 | D:6      | Found a blossoming altar of Fedhas.
  5518 | D:7      | Found a glowing golden altar of the Shining One.
  5689 | D:7      | Found a flagged portal.
  5691 | D:7      | Found a sparkling altar of Nemelex Xobeh.
  5695 | Bailey   | Entered a bailey
  5804 | Bailey   | Reached *** piety under Okawaru
  5863 | Bailey   | Reached skill level 9 in Maces & Flails
  5977 | Bailey   | HP: 2/56 [kobold brigand/+0 war axe (8)]
  5985 | Bailey   | Slain by a kobold brigand

Illustrated notes

Levels and vault maps discovered:
D:1:      dpeg_arrival_radiant, layout_rooms
D:2:      layout_loops_ring, serial_forest, infiniplex_forest_lined_3_way,
          infiniplex_forest_lined_2, infiniplex_forest_clump_double,
          infiniplex_forest_straight_3, infiniplex_forest_clump_tiny,
          infiniplex_forest_lined_2, shapermc_ecumenical_altar_hornbeckon,
          minmay_misc_feat_nine_boxes, nrook_uturn, uniq_natasha, uniq_jessica
D:3:      layout_rooms
D:4:      layout_rooms, kennysheep_okawaru_gauntlet, saegor_snake_ambush,
          uniq_edmund
D:5:      layout_basic, minmay_temple_entry_glassed_door,
          uniq_crazy_yiuf_cottage, uniq_sigmund
D:6:      layout_loops_ring, fedhas_altar_fruit_tree, overflow_temple_1_default
D:7:      layout_basic, nemelex_xobeh_ov_fountains_minmay, tso_oasis_becter,
          enter_bailey_2
Temple:   zaba_magenta_temple
Bailey:   bailey_axe_3, bailey

Skill      XL: |  1  2  3  4  5  6  7  8  9 |
---------------+----------------------------+-----
Fighting       | 4 5 6 |  6.8
Maces & Flails | 3 4 5 6 7 9 |  9.1
Armour         | 4 5 6 7 |  7.1
Shields        | 4 5 6 |  6.5
Dodging        | 1 2 |  2.6

Action                     |  1- 3 |  4- 6 |  7- 9 || total
---------------------------+-------+-------+-------++-------
  Melee: Flail             |    69 |   224 |   279 ||   572
         Mace              |       |       |    82 ||    82
 Invoke: Heroism           |       |       |     1 ||     1
 Armour: Scale mail        |    28 |    40 |       ||    68
         Chain mail        |       |   108 |   291 ||   399
  Dodge: Dodged            |    29 |   117 |   160 ||   306
  Block: Buckler           |    11 |    55 |    20 ||    86
         Kite shield       |       |       |   137 ||   137

Table legend: (Time is in decaauts)
 A = Elapsed time spent in this place.
 B = Non-inter-level travel time spent in this place.
 C = Inter-level travel time spent in this place.
 D = Time resting spent in this place.
 E = Time spent auto-exploring this place.
 F = Levels seen in this place.
 G = Mean time per level.
                   A        B        C        D        E       F      G
               +--------+--------+--------+--------+--------+-----+--------+
         Total |   6146 |   5770 |    376 |    387 |   3921 |   9 |  682.9 |
       Dungeon |   5854 |   5478 |    376 |    240 |   3921 |   7 |  836.3 |
        Temple |      1 |      1 |      0 |      0 |      0 |   1 |    1.0 |
        Bailey |    290 |    290 |      0 |    147 |      0 |   1 |  290.0 |
               +--------+--------+--------+--------+--------+-----+--------+

Top non-repeatable levels by time:
     D:5: 1424 daAuts
     D:2: 1113 daAuts
     D:6: 953 daAuts
     D:4: 926 daAuts
     D:3: 669 daAuts
     D:1: 531 daAuts
  Bailey: 290 daAuts
     D:7: 235 daAuts
  Temple: 1 daAuts
